 Dungeon Crawl Stone Soup version 0.27-a0-291-gd9602db6ee (webtiles) character file.

Game seed: 7817250486749734947

19046 septik the Severer (level 12, -2/110 HPs)
             Began as a Minotaur Berserker on Feb 9, 2021.
             Was a High Priest of Trog.
             Killed from afar by Frances (25 damage)
             ... with a shard of ice
             ... on level 12 of the Dungeon.
             The game lasted 00:25:44 (15847 turns).

septik the Severer (Minotaur Berserker)            Turns: 15847, Time: 00:25:45

Health: -2/110     AC: 18    Str: 23    XL:     12   Next: 33%
Magic:  11/11      EV: 14    Int:  6    God:    Trog [*****.]
Gold:   94         SH:  0    Dex: 14    Spells: 11/11 levels left

rFire    . . .     SeeInvis .   F - +7 executioner's axe (vorpal)
rCold    + . .     Faith    +   (shield currently unavailable)
rNeg     . . .     Spirit   .   R - +0 chain mail
rPois    .         Reflect  .   (helmet unavailable)
rElec    .         Harm     .   o - +0 cloak
rCorr    .         Rampage  .   H - +2 pair of gloves {archery}
Will     .....                  i - +0 pair of boots
Stlth    ..........             O - amulet of faith
HPRegen  0.00/turn              y - ring of protection from cold
MPRegen  0.12/turn              (no ring)

@: berserk cooldown, slowed, very slow
A: retaliatory headbutt, horns 3, blurry vision 1, clever 1, inhibited
regeneration
a: Renounce Religion, Berserk, Trog's Hand, Brothers in Arms


You were on level 12 of the Dungeon.
You worshipped Trog.
Trog was extremely pleased with you.
You visited 1 branch of the dungeon, and saw 13 of its levels.
You also visited: Ossuary.

You collected 670 gold pieces.
You spent 576 gold pieces at shops.

Inventory:

Hand Weapons
 a - a +0 hand axe
 b - a +4 hand axe
 j - a +0 hunting sling
 m - a +0 vorpal scythe
 p - a +4 quarterstaff of chaos
 D - a +2 battleaxe
 F - a +7 vorpal executioner's axe (weapon)
 L - a +2 whip of electrocution
Missiles
 A - 174 stones
Armour
 i - a +0 pair of boots (worn)
 o - a +0 cloak (worn)
 H - a +2 pair of gloves of archery (worn)
 R - a +0 chain mail (worn)
Jewellery
 y - a ring of protection from cold (left hand)
 O - an amulet of faith (around neck)
 T - an uncursed amulet of reflection
Wands
 x - a wand of iceblast (25)
 C - a wand of polymorph (4)
 J - a wand of acid (6)
 M - a wand of charming (13)
Scrolls
 f - 6 scrolls of teleportation
 h - 2 scrolls of blinking
 l - 7 scrolls of identify
 n - 4 scrolls of remove curse
 r - 2 scrolls of magic mapping
 v - 2 scrolls of amnesia {unknown}
 z - 4 scrolls of enchant armour {unknown}
 E - 2 scrolls of enchant weapon
 K - a scroll of acquirement {unknown}
 P - a scroll of immolation {unknown}
 Q - a scroll of torment {unknown}
Potions
 c - 11 potions of curing
 d - 2 potions of invisibility
 e - 2 potions of might {unknown}
 g - 2 potions of brilliance {unknown}
 k - 2 potions of degeneration {unknown}
 q - 4 potions of heal wounds
 s - 2 potions of resistance {unknown}
 u - 3 potions of lignification
 w - 2 potions of ambrosia {unknown}
 B - a potion of cancellation {unknown}
Miscellaneous
 t - a tin of tremorstones (2/2)
 I - a phial of floods


   Skills:
 + Level 11.4 Fighting
 * Level 15.1 Axes
 + Level 11.2 Armour
 + Level 10.4 Dodging


You had 11 spell levels left.
You didn't know any spells.
Your spell library was empty.

Dungeon Overview and Level Annotations

Branches:
Dungeon (13/15)            Temple (0/1) D:7            Lair (0/6) D:8
    Orc (0/2) D:9         Ossuary (visited)
 Vaults: D:13-14

Altars:
Ashenzari
Cheibriados
Dithmenos
Kikubaaqudgha
Okawaru
Sif Muna
Trog
Vehumet
Xom
Beogh

Shops:
D:7 !   D:8 *[

Annotations:
D:12 Frances


Innate Abilities, Weirdness & Mutations

You reflexively headbutt those who attack you in melee.
You have a pair of large horns on your head.
Scrolls take you a little longer to read.
Your mind is acute. (Int +2)
You do not regenerate when monsters are visible.


Message History

You feel yourself slow down. Something hits you but does no damage.
The chaos spawn ululates chillingly with its many mouths.
Something hits you!!
The red devil hits you but does no damage.
You hear some strange, mumbled words.
An iron shot appears from out of thin air!
The iron shot misses you. Something hits you. Something hits you.
Something hits you! Something hits you!
* * * LOW HITPOINT WARNING * * *
The red devil hits you but does no damage.
Something hits you.
* * * LOW HITPOINT WARNING * * *
You miss something.
You hear some strange, mumbled words.
A shard of ice appears from out of thin air!
The shard of ice hits you!! You partially resist.
You die...

..##...##....................#...
..##...##.^......................
......####...............##......
.......#.#........#####...#......
..................# ###..(.....
..................## #.[.[....#
...................#####.#.(....#
.....................#...#......#
......>.........@{4.4.4........##
..............######.#......####
................# ####......##
...#..O.......#...####.........#
..####.z......................##
.. #z))##..........>##.#.....#
#..###Z<#............#..##.....#
#.....).............##..#..##..#
##[#.##............. .... .# .##


You could see a chaos spawn (summoned) and 2 red devils.

Vanquished Creatures
  Snorg (D:12)
  Harold (D:8)
  A boulder beetle (D:11)
  2 hydras
  5 two-headed ogres
  A skeletal warrior (D:12)
  An ugly thing (D:11)
  2 cyclopes (D:12)
  An elephant (D:8)
  Maurice (D:9)
  A black mamba (shapeshifter) (D:12)
  2 gargoyles
  A hornet (D:11)
  Prince Ribbit (D:6)
  A troll (D:11)
  Sigmund (D:2)
  A vampire (D:11)
  Grum (D:9)
  A fire bat (D:5)
  2 wyverns
  A basilisk (D:8)
  Menkaure (D:5)
  An acid dragon (D:12)
  Duvessa (D:6)
  2 water moccasins
  9 orc warriors
  2 black bears
  3 ice beasts
  3 sky beasts
  An eye of draining (D:12)
  3 wolves (D:9)
  7 ogres
  5 centaurs
  3 phantoms
  A kobold brigand (D:11)
  A wyvern zombie (D:9)
  8 bullfrogs
  Dowan (D:6)
  A water moccasin zombie (Ossuary)
  3 scorpions
  15 wights
  3 howler monkeys
  2 bullfrog zombies
  2 centaur zombies
  A quasit (D:6)
  3 bullfrog skeletons
  3 hounds
  Crazy Yiuf (D:3)
  11 orc priests
  2 jellies
  9 iguanas
  7 worker ants
  10 orc wizards
  A hound zombie (D:2)
  2 human simulacra (D:11)
  2 mummies (Ossuary)
  Robin (D:4)
  8 gnolls
  14 adders
  3 shadow imps
  3 white imps
  2 ufetubi
  An ooze (D:2)
  An adder skeleton (D:8)
  4 adder zombies (Ossuary)
  5 worms
  4 dart slugs
  9 leopard geckos
  66 orcs
  4 ball pythons
  7 giant cockroaches
  4 gnoll zombies (Ossuary)
  18 goblins
  8 hobgoblins
  3 jackals (D:8)
  7 kobolds
  4 quokkas
  10 bats
  2 frilled lizards (D:1)
  A giant cockroach zombie (D:5)
  7 hobgoblin zombies (Ossuary)
  6 kobold zombies (Ossuary)
  2 leopard gecko skeletons
  6 orc zombies (Ossuary)
  9 rats
378 creatures vanquished.

Vanquished Creatures (others)
  2 centaurs (D:7)
  A bullfrog (D:7)
  An iguana (D:7)
  A leopard gecko (D:7)
  An orc (D:7)
6 creatures vanquished.

Grand Total: 384 creatures vanquished

Notes
Turn   | Place    | Note
-------+----------+-------------------------------------------
     0 | D:1      | septik the Minotaur Berserker began the quest for the Orb.
     0 | D:1      | Reached XP level 1. HP: 19/19 MP: 0/0
   273 | D:1      | Reached skill level 4 in Axes
   273 | D:1      | Reached XP level 2. HP: 23/27 MP: 1/1
   848 | D:1      | Reached XP level 3. HP: 25/33 MP: 2/2
  1309 | D:1      | Reached ** piety under Trog
  1422 | D:2      | Reached XP level 4. HP: 39/40 MP: 3/3
  2002 | D:2      | Noticed Sigmund
  2013 | D:2      | Killed Sigmund
  2014 | D:2      | Reached skill level 5 in Axes
  2014 | D:2      | Reached XP level 5. HP: 47/47 MP: 4/4
  2037 | D:2      | Found an ancient bone altar of Kikubaaqudgha.
  2132 | D:2      | Reached XP level 6. HP: 11/55 MP: 5/5
  2134 | D:2      | HP: 4/82 [poisoned by an adder]
  2139 | D:2      | Gained mutation: Your flesh is cold resistant. (rC+)
                  | [potion of mutation]
  2139 | D:2      | Gained mutation: Your flesh is very cold resistant. (rC++)
                  | [potion of mutation]
  2139 | D:2      | Lost mutation: Your flesh is very cold resistant. (rC++)
                  | [potion of mutation]
  2139 | D:2      | Gained mutation: You possess an exceptional clarity of
                  | mind. [potion of mutation]
  2139 | D:2      | HP: 1/55 [poisoned by an adder]
  2715 | D:3      | Reached skill level 6 in Axes
  2745 | D:3      | Reached skill level 5 in Fighting
  2960 | D:3      | Found a shadowy altar of Dithmenos.
  3051 | D:3      | Found a broken altar of Ashenzari.
  3221 | D:3      | Found a runed translucent door.
  3222 | D:3      | Noticed Crazy Yiuf
  4101 | D:3      | Killed Crazy Yiuf
  4480 | D:4      | Reached XP level 7. HP: 61/61 MP: 6/6
  4519 | D:4      | Reached *** piety under Trog
  4789 | D:4      | Reached skill level 7 in Axes
  4830 | D:4      | Noticed Robin
  4836 | D:4      | Killed Robin
  5112 | D:4      | Reached skill level 5 in Armour
  5982 | D:5      | Entered Level 5 of the Dungeon
  6111 | D:5      | Noticed a fire bat
  6111 | D:5      | a sky beast changed into a fire bat
  6115 | D:5      | Killed a fire bat
  6255 | D:5      | Reached skill level 5 in Dodging
  6255 | D:5      | Reached XP level 8. HP: 66/70 MP: 7/7
  6284 | D:5      | Noticed Menkaure
  6292 | D:5      | Killed Menkaure
  6293 | D:5      | Reached skill level 8 in Axes
  6547 | D:5      | Lost mutation: You possess an exceptional clarity of mind.
                  | [potion of mutation]
  6547 | D:5      | Lost mutation: Your flesh is cold resistant. (rC+) [potion
                  | of mutation]
  6547 | D:5      | Gained mutation: You have a pair of large horns on your
                  | head. [potion of mutation]
  6547 | D:5      | Gained mutation: You are partially covered in slimy green
                  | scales. (AC +2) [potion of mutation]
  6547 | D:5      | Gained mutation: Your mind is acute. (Int +2) [potion of
                  | mutation]
  6547 | D:5      | Gained mutation: Your spells are a little harder to cast,
                  | but a little more powerful. [potion of mutation]
  6907 | D:6      | Reached **** piety under Trog
  6924 | D:6      | Reached skill level 9 in Axes
  6963 | D:6      | Found a sand-covered staircase.
  6970 | Ossuary  | Entered an ossuary
  7324 | D:6      | Lost mutation: Your spells are a little harder to cast, but
                  | a little more powerful. [potion of mutation]
  7324 | D:6      | Lost mutation: Your mind is acute. (Int +2) [potion of
                  | mutation]
  7324 | D:6      | Lost mutation: You have a pair of large horns on your head.
                  | [potion of mutation]
  7324 | D:6      | Lost mutation: You are partially covered in slimy green
                  | scales. (AC +2) [potion of mutation]
  7324 | D:6      | Gained mutation: Your spells are a little harder to cast,
                  | but a little more powerful. [potion of mutation]
  7324 | D:6      | Gained mutation: You have sharp toenails. [potion of
                  | mutation]
  7324 | D:6      | Gained mutation: You are clumsy. (Dex -2) [potion of
                  | mutation]
  7324 | D:6      | Gained mutation: You are partially covered in yellow
                  | scales. (AC +2) [potion of mutation]
  7325 | D:6      | Lost mutation: You are clumsy. (Dex -2) [potion of
                  | mutation]
  7325 | D:6      | Lost mutation: You have sharp toenails. [potion of
                  | mutation]
  7325 | D:6      | Lost mutation: Your spells are a little harder to cast, but
                  | a little more powerful. [potion of mutation]
  7325 | D:6      | Gained mutation: Your muscles are strong. (Str +2) [potion
                  | of mutation]
  7325 | D:6      | Gained mutation: You do not regenerate when monsters are
                  | visible. [potion of mutation]
  7325 | D:6      | Gained mutation: Your flesh is cold resistant. (rC+)
                  | [potion of mutation]
  7464 | D:6      | Noticed Duvessa
  7468 | D:6      | Reached ***** piety under Trog
  7477 | D:6      | Killed Duvessa
  7478 | D:6      | Reached XP level 9. HP: 70/79 MP: 8/8
  7482 | D:6      | Noticed Prince Ribbit
  7487 | D:6      | Noticed Dowan
  7503 | D:6      | Killed Dowan
  7508 | D:6      | Reached skill level 10 in Axes
  7535 | D:6      | Killed Prince Ribbit
  8364 | D:6      | Found a snail-covered altar of Cheibriados.
  8512 | D:7      | Found a staircase to the Ecumenical Temple.
  8653 | D:7      | Found Jetuxuf's Distillery.
  8659 | D:7      | Bought a potion of heal wounds for 55 gold pieces
  8659 | D:7      | Bought a potion of mutation for 88 gold pieces
  8678 | D:7      | Got a shimmering chain mail
  8689 | D:7      | Identified the +2 chain mail of the Other Side {Str+2
                  | Slay-6 Stlth+} (You found it on level 7 of the Dungeon)
  8721 | D:7      | Found a bloodstained altar of Trog.
  9013 | D:7      | Noticed a gargoyle
  9026 | D:7      | Killed a gargoyle
  9443 | D:7      | Reached skill level 11 in Axes
  9472 | D:7      | Found a shimmering altar of Xom.
 10512 | D:8      | Noticed Harold
 10516 | D:8      | Reached XP level 10. HP: 90/90 MP: 9/9
 10532 | D:8      | Killed Harold
 10646 | D:8      | Noticed an elephant
 10647 | D:8      | Found a staircase to the Lair.
 10658 | D:8      | Reached skill level 12 in Axes
 10661 | D:8      | Killed an elephant
 10819 | D:8      | Noticed a two-headed ogre
 10825 | D:8      | Killed a two-headed ogre
 10975 | D:8      | Found Oruogece's Antique Armour Shop.
 10983 | D:8      | Bought a pair of glowing gloves for 202 gold pieces
 11051 | D:8      | Found a radiant altar of Vehumet.
 11051 | D:8      | Found an iron altar of Okawaru.
 11159 | D:8      | Noticed a two-headed ogre
 11164 | D:8      | Killed a two-headed ogre
 11208 | D:8      | Found Ucveilot's Assorted Antiques.
 11380 | D:8      | You fall into a shaft and drop 1 floor!
 11381 | D:9      | Noticed Grum
 11396 | D:9      | Reached XP level 11. HP: 83/99 MP: 10/10
 11405 | D:9      | Killed Grum
 11406 | D:9      | Reached skill level 13 in Axes
 11739 | D:9      | Noticed a two-headed ogre
 11744 | D:9      | Reached ****** piety under Trog
 11744 | D:9      | Noticed Maurice
 11748 | D:9      | Killed a two-headed ogre
 11749 | D:9      | Reached skill level 10 in Fighting
 11749 | D:9      | Received a gift from Trog
 11760 | D:9      | Killed Maurice
 11840 | D:9      | Found a shimmering blue altar of Sif Muna.
 12074 | D:9      | Noticed a two-headed ogre
 12083 | D:9      | Killed a two-headed ogre
 12212 | D:9      | Found a staircase to the Orcish Mines.
 12267 | D:10     | Entered Level 10 of the Dungeon
 12304 | D:10     | Reached skill level 10 in Armour
 12555 | D:10     | Found a roughly hewn altar of Beogh.
 13093 | D:11     | Noticed a two-headed ogre
 13100 | D:11     | Killed a two-headed ogre
 13128 | D:11     | Found an iron altar of Okawaru.
 13601 | D:11     | Noticed a red ugly thing
 13608 | D:11     | Reached skill level 14 in Axes
 13609 | D:11     | Killed a red ugly thing
 13955 | D:11     | Noticed a boulder beetle
 13964 | D:11     | Killed a boulder beetle
 14558 | D:12     | Noticed an eight-headed hydra
 14571 | D:11     | Killed an eight-headed hydra
 14798 | D:12     | Noticed a skeletal warrior
 14803 | D:12     | Received a gift from Trog
 14804 | D:12     | Reached XP level 12. HP: 110/110 MP: 11/11
 14814 | D:12     | Reached skill level 10 in Dodging
 14939 | D:7      | Bought a potion of heal wounds for 55 gold pieces
 14939 | D:7      | Bought a potion of heal wounds for 55 gold pieces
 14939 | D:7      | Bought a potion of heal wounds for 55 gold pieces
 14939 | D:7      | Bought a potion of lignification for 33 gold pieces
 14939 | D:7      | Bought a potion of curing for 33 gold pieces
 15134 | D:12     | Noticed Snorg
 15156 | D:12     | Killed Snorg
 15228 | D:11     | Lost mutation: You are partially covered in yellow scales.
                  | (AC +2) [potion of mutation]
 15228 | D:11     | Lost mutation: Your flesh is cold resistant. (rC+) [potion
                  | of mutation]
 15228 | D:11     | Lost mutation: Your muscles are strong. (Str +2) [potion of
                  | mutation]
 15228 | D:11     | Gained mutation: Scrolls take you a little longer to read.
                  | [potion of mutation]
 15228 | D:11     | Gained mutation: Your mind is acute. (Int +2) [potion of
                  | mutation]
 15228 | D:11     | Gained mutation: You have a pair of large horns on your
                  | head. [potion of mutation]
 15366 | D:12     | Noticed a five-headed hydra
 15370 | D:12     | Reached skill level 15 in Axes
 15375 | D:12     | Killed a six-headed hydra
 15601 | D:12     | Noticed Frances
 15847 | D:12     | Killed from afar by Frances

Illustrated notes

Levels and vault maps discovered:
D:1:      dpeg_arrival_oval, layout_loops_corners, minmay_3d_cube
D:2:      layout_rooms, kiku_gazebo_pond_becter, uniq_sigmund
D:3:      layout_loops_ring, nicolae_dithmenos_through_a_glass_darkly,
          nicolae_ashenzari_panopticon, uniq_crazy_yiuf_cottage
D:4:      layout_layer_cave, uniq_robin
D:5:      layout_rooms, uniq_menkaure
D:6:      layout_loops_ring, slow_altar_2, enter_ossuary_1, uniq_duvessa,
          uniq_prince_ribbit1
D:7:      layout_basic, xom_confusion_cloud, minmay_temple_entry_arrows,
          serial_shops, nicolae_shop_trees, basic_altar
D:8:      layout_basic, gammafunk_temple_overflow_pools, david_lair_generic,
          serial_shops, shop, shop, shop, roderic_lattice_a, uniq_harold
D:9:      layout_cave_pools, kennysheep_mini, orc_0_dummy, uniq_maurice,
          uniq_grum
D:10:     layout_rooms, special_room [special_room_orc]
D:11:     layout_irregular_city, basic_altar, bh_circular_ruins
D:12:     layout_cave_pools, uniq_erolcha, uniq_frances, uniq_snorg
D:13:     layout_basic, erik_vaults_1, basic_altar, special_room
          [special_room_orc]

Skill      XL: |  1  2  3  4  5  6  7  8  9 10 11 12 |
---------------+-------------------------------------+-----
Axes           | 4 5 6 7 9 11 12 14 15 | 15.1
Fighting       | 4 5 6 7 8 9 11 | 11.4
Armour         | 3 4 5 6 8 9 10 11 | 11.2
Dodging        | 3 4 5 6 7 8 9 10 | 10.4

Action                   |  1- 3 |  4- 6 |  7- 9 | 10-12 || total
-------------------------+-------+-------+-------+-------++-------
Melee: Hand axe          |    83 |    28 |    41 |   140 ||   292
       Headbutt          |     7 |    18 |    63 |    89 ||   177
       Scythe            |       |    84 |       |       ||    84
       Quarterstaff      |       |    16 |   214 |       ||   230
       Whip              |       |       |    41 |    16 ||    57
       Unarmed           |       |       |    29 |       ||    29
       Battleaxe         |       |       |       |   191 ||   191
       Executioner's axe |       |       |       |     9 ||     9
Invok: Berserk           |       |     5 |    10 |    17 ||    32
       Trog's Hand       |       |     1 |     1 |       ||     2
  Use: Potion            |       |     4 |     3 |     5 ||    12
       Scroll            |       |       |     7 |     3 ||    10
 Stab: Sleeping          |     1 |     4 |       |       ||     5
       Confused          |       |       |     1 |       ||     1
       Paralysed         |       |       |     1 |       ||     1
Armor: Animal skin       |    16 |    25 |     7 |       ||    48
       Chain mail        |       |       |   167 |   208 ||   375
       Skin              |       |       |     5 |       ||     5
Dodge: Dodged            |    61 |    89 |   226 |   213 ||   589

Table legend: (Time is in decaauts)
 A = Elapsed time spent in this place.
 B = Non-inter-level travel time spent in this place.
 C = Inter-level travel time spent in this place.
 D = Time resting spent in this place.
 E = Time spent auto-exploring this place.
 F = Levels seen in this place.
 G = Mean time per level.
                   A        B        C        D        E       F      G
               +--------+--------+--------+--------+--------+-----+--------+
         Total |  16208 |  15787 |    421 |   4007 |   9427 |  14 | 1157.7 |
       Dungeon |  15858 |  15437 |    421 |   4007 |   9190 |  13 | 1219.8 |
       Ossuary |    350 |    350 |      0 |      0 |    237 |   1 |  350.0 |
               +--------+--------+--------+--------+--------+-----+--------+

Top non-repeatable levels by time:
     D:7: 1912 daAuts
     D:3: 1860 daAuts
    D:11: 1831 daAuts
     D:4: 1636 daAuts
     D:1: 1405 daAuts
     D:2: 1353 daAuts
     D:6: 1295 daAuts
     D:8: 1168 daAuts
     D:9: 1139 daAuts
     D:5: 802 daAuts
    D:10: 669 daAuts
    D:12: 577 daAuts
 Ossuary: 350 daAuts
    D:13: 205 daAuts
